 Dungeon Crawl Stone Soup version 0.13-a0-1577-g2bae144 (webtiles) character file.

1075 Kae the Chiller (level 7, 0/50 HPs)
             Began as a Purple Draconian Ice Elementalist on June 11, 2013.
             Slain by an ice beast (6 damage)
             ... on Level 5 of the Dungeon.
             The game lasted 00:14:44 (3779 turns).

Kae the Chiller (Purple Draconian Ice Elementalist) Turns: 3779, Time: 00:14:45

HP   0/50        AC 10     Str 11      XL: 7   Next: 58%
MP  16/16        EV 12     Int 17      God:
Gold 277         SH  0     Dex 11      Spells:  5 memorised,  0 levels left

Res.Fire  : x . .   See Invis. : .   (no weapon)
Res.Cold  : + . .   Warding    : .   (armour unavailable)
Life Prot.: . . .   Conserve   : .   (no shield)
Res.Poison: .       Res.Corr.  : +   v - +0 wizard hat
Res.Elec. : .       Clarity    : .   y - +0 cloak
Sust.Abil.: . .     Spirit.Shd : .   h - +2 pair of gauntlets
Res.Mut.  : .       Stasis     : .   (no boots)
Res.Rott. : .       Flight     : .   t - amulet of resist corrosion
Saprovore : . . .                    (no ring)
                                     q - ring of ice

@: somewhat resistant to hostile enchantments, unstealthy
A: breathe power, unfitting armour, AC +6
a: Breathe Dispelling Energy


You were on level 5 of the Dungeon.
You were very hungry.

You visited 1 branch of the dungeon, and saw 5 of its levels.

You collected 257 gold pieces.

Inventory:

Hand weapons
 a - the +3,+8 hand axe of Fundamental Breach {vamp, +Fly, unknown}
   (You found it on level 5 of the Dungeon)

   It inflicts no extra harm, but heals its wielder somewhat when it strikes a
   living foe.
   It lets you fly.
 k - a -1,+2 orcish dagger (quivered)
Armour
 h - a +2 pair of gauntlets (worn)
 v - a +0 wizard hat (worn)
 y - a +0 cloak (worn)
Magical devices
 l - a wand of polymorph (8)
Comestibles
 c - 2 bread rations
 o - 3 meat rations
 z - a choko
Scrolls
 d - 4 scrolls of identify
 e - 3 scrolls of remove curse
Jewellery
 q - a ring of ice (left hand)
 t - an amulet of resist corrosion (around neck)
 u - an uncursed amulet of inaccuracy
Potions
 i - a potion of mutation {unknown}
 j - 2 potions of brilliance
 m - a potion of heal wounds
 n - a potion of flight {unknown}
 r - a potion of restore abilities {unknown}
 s - a potion of curing {unknown}
 x - a potion of speed {unknown}
Books
 b - a book of Frost

   Spells                             Type                      Level
   *Freeze                            Ice                          1
   *Throw Frost                       Conjuration/Ice              2
   *Ozocubu's Armour                  Charms/Ice                   3
   *Throw Icicle                      Conjuration/Ice              4
   *Summon Ice Beast                  Ice/Summoning                4
   Condensation Shield                Ice                          4


   Skills:
 - Level 1.7 Dodging
 - Level 1.7 Stealth
 + Level 4.1 Spellcasting
 * Level 5.0 Conjurations
 * Level 6.2 Ice Magic


You couldn't memorise any spells.
You knew the following spells:

 Your Spells              Type           Power        Failure   Level  Hunger
a - Freeze                Ice            ####         1%          1    None
b - Throw Frost           Conj/Ice       ####..       2%          2    ##.....
c - Ozocubu's Armour      Chrm/Ice       ###.......   14%         3    ###....
d - Throw Icicle          Conj/Ice       ####....     17%         4    ####...
e - Summon Ice Beast      Ice/Summ       ###.......   45%         4    ####...


Dungeon Overview and Level Annotations

Branches:
Dungeon (5/27)
 Temple: D:4-7

Altars:
Elyvilon
Makhleb
Yredelemnul

Annotations
D:4 exclusion: 2 doors


Message History

The ice beast closely misses you.
You closely miss the ice beast.
The ice beast is almost dead.
The ice beast barely misses you.
You barely miss the ice beast.
The ice beast is almost dead.
The ice beast barely misses you.
You closely miss the ice beast.
The ice beast is almost dead.
The ice beast hits you.
* * * LOW HITPOINT WARNING * * *
The ice beast freezes you. You resist.
* * * LOW HITPOINT WARNING * * *
You closely miss the ice beast.
The ice beast is almost dead.
You have got your breath back.
The ice beast hits you.
* * * LOW HITPOINT WARNING * * *
The ice beast freezes you! You resist.
You die...

#.....)%I)........
###.#.##########+#
#.#.#########
#............
###.##########
#.#........#
#.#.######.#
#I#.#......#
#.#..@I....#
#.########.#
#......I...#
############


You could see an ice beast.

Vanquished Creatures
  The ghost of Kae the Chiller, an average DrIE (D:4)
  The ghost of TZer0 the Digger, an average LOEE (D:3)
  An ogre (D:4)
  Sigmund (D:4)
  A big kobold (D:4)
  An orc priest (D:3)
  2 scorpions (D:5)
  A worker ant (D:4)
  5 adders
  5 giant geckos
  4 orcs (D:5)
  4 bats (D:1)
  4 giant cockroaches
  9 goblins
  18 hobgoblins
  7 jackals
  3 ball pythons
  3 giant newts
  49 kobolds
  11 rats
131 creatures vanquished.

Notes
Turn   | Place    | Note
--------------------------------------------------------------
     0 | D:1      | Kae, the Draconian Ice Elementalist, began the quest for the Orb.
     0 | D:1      | Reached XP level 1. HP: 14/14 MP: 3/3
   139 | D:1      | Reached XP level 2. HP: 12/20 MP: 1/4
   143 | D:1      | Learned a level 2 spell: Throw Frost
   833 | D:2      | Reached XP level 3. HP: 26/26 MP: 6/6
  1032 | D:2      | Found a basalt altar of Yredelemnul.
  1055 | D:2      | Found a white marble altar of Elyvilon.
  1130 | D:2      | Reached skill level 4 in Ice Magic
  1375 | D:3      | Found a burning altar of Makhleb.
  1492 | D:3      | Reached XP level 4. HP: 26/33 MP: 3/7
  1974 | D:3      | Noticed TZer0's ghost (average LOEE)
  1990 | D:3      | Killed TZer0's ghost
  1990 | D:3      | Reached skill level 5 in Ice Magic
  1990 | D:3      | Reached XP level 5. HP: 29/38 MP: 0/10
  2180 | D:4      | Noticed Sigmund
  2394 | D:4      | Noticed an ogre
  2401 | D:4      | Killed an ogre
  2401 | D:4      | Reached XP level 6. HP: 41/45 MP: 6/12
  2710 | D:4      | Killed Sigmund
  3184 | D:4      | Noticed Kae's ghost (average DrIE)
  3214 | D:4      | Killed Kae's ghost
  3214 | D:4      | Your scales start taking on a rich purple colour.
  3214 | D:4      | Reached XP level 7. HP: 37/50 MP: 5/15
  3390 | D:4      | Reached skill level 6 in Ice Magic
  3397 | D:4      | Learned a level 3 spell: Ozocubu's Armour
  3402 | D:4      | Learned a level 4 spell: Throw Icicle
  3407 | D:4      | Learned a level 4 spell: Summon Ice Beast
  3610 | D:5      | Entered Level 5 of the Dungeon
  3659 | D:5      | Reached skill level 5 in Conjurations
  3739 | D:5      | Got a fine hand axe
  3743 | D:5      | TZer0: mwahahah
  3744 | D:5      | TZer0: I got a kill on you :D
  3768 | D:5      | Kae: lol
  3779 | D:5      | Slain by an ice beast

Action                   |  1- 3 |  4- 6 |  7- 9 || total
-------------------------+-------+-------+-------++-------
Melee: Unarmed           |    86 |    22 |    87 ||   195
 Cast: Freeze            |    61 |   102 |    44 ||   207
       Throw Frost       |     1 |       |       ||     1
 Abil: Breathe Dispellin |       |       |     6 ||     6
Evoke: Wand              |       |     2 |       ||     2
  Use: Scroll            |       |     9 |     6 ||    15
